 Dungeon Sprint DCSS version 0.21-a0-437-ge5bf024 (webtiles) character file.

254 theanonym the Basher (level 8, -8/94 HPs)
             Began as a Gargoyle Fighter on Nov 9, 2017.
             Was a High Priest of Makhleb.
             Mangled by a mana viper (10 damage)
             ... in the Dungeon (Sprint VI: "Thunderdome").
             The game lasted 00:04:51 (751 turns).

theanonym the Basher (Gargoyle Fighter)              Turns: 751, Time: 00:04:53

Health: -8/94      AC: 14    Str: 27 (28) XL:     8   Next: 80%
Magic:  8/8        EV:  7    Int:  8      God:    Makhleb [*****.]
Gold:   488        SH:  9    Dex:  9      Spells: 7/7 levels left

rFire    . . .     SeeInvis .   a - +0 flail
rCold    . . .     Gourm    .   c - +0 shield
rNeg     + . .     Faith    .   k - +0 scale mail
rPois    ∞         Spirit   .   (no helmet)
rElec    +         Reflect  .   (no cloak)
rCorr    .         Harm     .   (no gloves)
MR       .....     NoTele   +   (no boots)
Stlth    ..........             (no amulet)
HPRegen  0.25/turn              (no ring)
MPRegen  0.11/turn              (no ring)

@: berserking (expiring), very quick
A: slimy green scales 1, blurry vision 1, deterioration 1, negative energy
resistance 1, sense surroundings 1, electricity resistance, unbreathing,
petrification resistance, rot immunity, subdued magic 1, AC +5
a: Minor Destruction, Lesser Servant of Makhleb, Major Destruction, Greater
Servant of Makhleb, Renounce Religion


Innate Abilities, Weirdness & Mutations

You are resistant to torment.
Your stone body is resilient. (AC +5)
You are immune to poison.
You resist negative energy. (rN+)
You are resistant to electric shocks. (rElec)
You can survive without breathing.
You are immune to petrification.
You are immune to rotting.
You are partially covered in slimy green scales. (AC +2)
Scrolls take you a little longer to read.
Your body sometimes deteriorates upon taking damage.
You passively map a small area around you.
Your spells are a little easier to cast, but a little less powerful.


   Skills:
 + Level 13.5 Fighting
 - Level 14.0 Maces & Flails
 + Level 3.2 Armour
 + Level 0.0 Dodging
 + Level 3.2 Shields


You had 7 spell levels left.
You didn't know any spells.

Skill      XL: |  1  2  3  4  5  6  7  8 |
---------------+-------------------------+-----
Fighting       | 6 7 8 10 11 13 | 13.5
Maces & Flails | 7 9 10 12 13 14 | 14.0
Armour         | |  3.2
Shields        | |  3.2

Action                   |  1- 3 |  4- 6 |  7- 9 || total
-------------------------+-------+-------+-------++-------
Melee: Flail             |    11 |    48 |    93 ||   152
       Headbutt          |       |     2 |     8 ||    10
Evoke: Wand              |       |     3 |     2 ||     5
  Use: Potion            |     1 |       |     3 ||     4
Armor: Scale mail        |     5 |    16 |    31 ||    52
Dodge: Dodged            |     3 |    13 |    23 ||    39
Block: Shield            |     4 |    13 |    36 ||    53

Inventory:

Hand Weapons
 a - a +0 flail (weapon)
Armour
 c - a +0 shield (worn)
 k - a +0 scale mail (worn)
Wands
 l - a wand of acid (0/15)
   (You found it in the Dungeon)
 m - a wand of iceblast (5/15)
   (You found it in the Dungeon)
Scrolls
 b - 4 scrolls of blinking
 f - 3 scrolls of fog {!r}
Potions
 e - a potion of curing
 g - a potion of resistance
 h - 3 potions of haste
 i - 2 potions of magic
 o - a potion of mutation
 q - 4 potions of heal wounds
Comestibles
 n - a bread ration

Dungeon Overview and Level Annotations

Branches:
Dungeon (1/1)

Altars:
Cheibriados
Dithmenos
Fedhas
Gozag
Kikubaaqudgha
Makhleb
Okawaru
Qazlal
Ru
Sif Muna
Trog
Uskayaw
Vehumet
Wu Jian
Xom
Yredelemnul
Zin
The Shining One
Beogh
Jiyva
Lugonu

Shops:
D *[%??*?*:[((!!!!

Annotations:
D Aizul You were in the Dungeon. You worshipped Makhleb. Makhleb was extremely pleased with you. You were not hungry. You visited 1 branch You collected 600 gold pieces. You spent 112 gold pieces at shops.


Message History

3...
Your extra speed is starting to run out. 2... 1...
Time's up!
The arena falls silent.
Victory!
Score multiplier: 5x You now have 254 arena points (gained 120).
You feel yourself slow down.
Get ready!
ROUND 5!
BOSS ROUND!
You sense a tension in the south.
Aizul the Neglectful Guardian comes into view.
You regained 14 hp, and now have 50/63 hp.
You now have 488 gold pieces (gained 200).
Unknown command.
You miss Aizul. Aizul hits you.
You take 3 damage, and have 48/63 hp.
You sock Aizul! You block Aizul's attack.
You miss Aizul. You block Aizul's attack. Aizul closely misses you.
You closely miss Aizul. You block Aizul's attack.
You closely miss Aizul. Aizul completely misses you.
You hit Aizul. Aizul hits you!
You take 7 damage, and have 42/63 hp.
You are too injured to fight recklessly!
You are too injured to fight recklessly!
You are too injured to fight recklessly!
You are too injured to fight recklessly!
You are too injured to fight recklessly!
You barely miss Aizul.
Aizul coils herself and waves her upper body at you.
The bolt of poison hits you! You resist. You block Aizul's attack.
You miss Aizul. Aizul hits you but does no damage.
You sock Aizul!
Aizul coils herself and waves her upper body at you.
The bolt of poison misses you.
You closely miss Aizul. Aizul barely misses you.
You hit Aizul but do no damage. Aizul barely misses you.
Aizul casts a spell at you. The bolt of poison hits you! You resist.
Okay, then.
Unknown command.
You sock Aizul! Aizul casts a spell at you. The bolt of poison misses you.
You closely miss Aizul.
Aizul coils herself and waves her upper body at you.
The bolt of poison hits you! You resist.
You closely miss Aizul. Aizul hits you.
You take 5 damage, and have 38/63 hp.
You closely miss Aizul. You block Aizul's attack.
You closely miss Aizul. Aizul hits you. You block Aizul's attack.
You take 5 damage, and have 33/63 hp.
You miss Aizul. You block Aizul's attack.
A red film seems to cover your vision as you go berserk!
You feel yourself moving faster!
You feel mighty!
Aizul coils herself and waves her upper body at you.
The bolt of poison hits you! You resist.
You now have 49/94 hp.
You barely miss Aizul. Aizul hits you.
* * * LOW HITPOINT WARNING * * *
You take 4 damage, and have 45/94 hp.
You miss Aizul. Aizul hits you.
* * * LOW HITPOINT WARNING * * *
You take 5 damage, and have 40/94 hp.
You closely miss Aizul. Aizul hits you!
* * * LOW HITPOINT WARNING * * *
You take 16 damage, and have 24/94 hp.
You bludgeon Aizul!! Aizul casts a spell at you. The bolt of poison misses you.
You closely miss Aizul. You sock Aizul! You block Aizul's attack.
A mana viper comes into view.
You miss Aizul.
The mana viper hisses angrily.
Aizul coils herself and waves her upper body at you.
The poison arrow hits you! You partially resist.
* * * LOW HITPOINT WARNING * * *
You take 7 damage, and have 18/94 hp.
You hit Aizul. You miss Aizul. You block Aizul's attack.
You hit Aizul. You block Aizul's attack.
You hit Aizul. Aizul hits you but does no damage.
You miss Aizul. You thump Aizul! You block Aizul's attack.
Unknown command.
You hit Aizul. Aizul hits you!
* * * LOW HITPOINT WARNING * * *
Your body deteriorates!
You feel weakened.
You take 11 damage, and have 8/94 hp.
You bludgeon Aizul!!
Aizul coils herself and waves her upper body at you.
The poison arrow hits you! You partially resist.
* * * LOW HITPOINT WARNING * * *
You take 6 damage, and have 2/94 hp.
Your shield prevents you from hitting the mana viper.
The mana viper bites you!
You die...

##⌠⌠⌠## #.....# ##.....##
##∩.....∩## #∩.......∩#
#_......._# #_......._#
#_........# ###.......S@###
#⌠..........S⌠#
######.8.........8.######
#∩.__......###......___∩##
∩........8.# #.8........∩###
...........###.............##
.......÷###...###..........⌠#
........# #.<.# #..........⌠#
........###...###..........⌠#


You could see Aizul and a mana viper.

Notes
Turn   | Place    | Note
-------+----------+-------------------------------------------
     0 | D        | theanonym the Gargoyle Fighter began the quest for the Orb.
     0 | D        | Reached XP level 1. HP: 14/14 MP: 1/1
     1 | D        | Found a viscous altar of Jiyva.
     1 | D        | Found a basalt altar of Yredelemnul.
     2 | D        | Found a radiant altar of Vehumet.
     2 | D        | Found a stormy altar of Qazlal.
     3 | D        | Found an ancient bone altar of Kikubaaqudgha.
     3 | D        | Found a sacrificial altar of Ru.
     4 | D        | Found Faeluukh's Do-It-Yourself Clinic.
     4 | D        | Found an opulent altar of Gozag.
     4 | D        | Found a snail-covered altar of Cheibriados.
     4 | D        | Found Xitoym's Distillery.
     5 | D        | Found Qiof's Bottled Wisdom.
     5 | D        | Found Vihoeras's Distillery.
     5 | D        | Round 1.
    10 | D        | Noticed a necrophage
    12 | D        | Found a shimmering altar of Xom.
    12 | D        | Found Qef Turag's Weapon Rack.
    12 | D        | Found Vaobb's Basic Armour.
    23 | D        | HP: 6/14 [necrophage (4)]
    25 | D        | Killed a necrophage
    25 | D        | Reached skill level 6 in Fighting
    25 | D        | Reached skill level 7 in Maces & Flails
    25 | D        | Reached XP level 2. HP: 9/22 MP: 2/2
    25 | D        | Reached XP level 3. HP: 11/27 MP: 3/3
    25 | D        | Reached XP level 4. HP: 14/32 MP: 4/4
    26 | D        | Found Tysenepp's Miscellaneous Merchandise.
    27 | D        | Found a bloodstained altar of Trog.
    27 | D        | Found a shadowy altar of Dithmenos.
    27 | D        | Found Pocin's Premium Goods.
    32 | D        | Found a corrupted altar of Lugonu.
    33 | D        | Found a glowing golden altar of the Shining One.
    34 | D        | Found a burning altar of Makhleb.
    35 | D        | Found Ylutei Full's Identification Station.
    36 | D        | Found Nogrun's Advanced Armour.
    36 | D        | Found Soomur's Jewellery.
    36 | D        | Found a blossoming altar of Fedhas.
    36 | D        | Found a glowing silver altar of Zin.
    36 | D        | Found Coba's Bee Food.
    39 | D        | Noticed a necrophage
    42 | D        | Became a worshipper of Makhleb the Destroyer
    46 | D        | Killed a necrophage
    46 | D        | Reached skill level 7 in Fighting
    46 | D        | Reached skill level 9 in Maces & Flails
    46 | D        | Reached XP level 5. HP: 19/38 MP: 5/5
    47 | D        | Noticed a necrophage
    50 | D        | Killed a necrophage
    50 | D        | Reached skill level 8 in Fighting
    50 | D        | Reached skill level 10 in Maces & Flails
    50 | D        | Reached XP level 6. HP: 23/45 MP: 6/6
   129 | D        | Reached * piety under Makhleb
   138 | D        | Arena points: 14 (+14) [x2]
   204 | D        | Found a deep blue altar of Sif Muna.
   204 | D        | Round 2.
   252 | D        | Found an ornate altar of the Wu Jian Council.
   253 | D        | Found a roughly hewn altar of Beogh.
   254 | D        | Found Ykheran's Staff Store.
   255 | D        | Found Gin Duyp's Must-Have Magic.
   255 | D        | Found Ejovik's Magic Scroll Shop.
   258 | D        | Found a hide-covered altar of Uskayaw.
   258 | D        | Found an iron altar of Okawaru.
   258 | D        | Found Facy's Magic Scroll Shop.
   266 | D        | Reached ** piety under Makhleb
   331 | D        | Arena points: 50 (+36) [x3]
   381 | D        | Round 3.
   404 | D        | Noticed a neqoxec
   414 | D        | Gained mutation: Your magical capacity is low. (-10% MP) [a neqoxec]
   417 | D        | Gained mutation: You have a pair of small horns on your head. [a neqoxec]
   419 | D        | Lost mutation: Your magical capacity is low. (-10% MP) [a neqoxec]
   420 | D        | Gained mutation: You are clumsy. (Dex -2) [a neqoxec]
   426 | D        | Killed a neqoxec
   426 | D        | Reached *** piety under Makhleb
   426 | D        | Reached skill level 9 in Fighting
   426 | D        | Reached skill level 11 in Maces & Flails
   441 | D        | Noticed a neqoxec
   456 | D        | Killed a neqoxec
   456 | D        | Reached skill level 10 in Fighting
   456 | D        | Reached skill level 12 in Maces & Flails
   456 | D        | Reached XP level 7. HP: 48/52 MP: 7/7
   467 | D        | Noticed a neqoxec
   469 | D        | Noticed a neqoxec
   473 | D        | Killed a neqoxec
   486 | D        | Killed a neqoxec
   486 | D        | Reached **** piety under Makhleb
   486 | D        | Reached skill level 11 in Fighting
   486 | D        | Reached skill level 13 in Maces & Flails
   505 | D        | Noticed a neqoxec
   505 | D        | Noticed a neqoxec
   510 | D        | Gained mutation: Your body sometimes deteriorates upon taking damage. [a neqoxec]
   514 | D        | Gained mutation: You are frail. (-10% HP) [a neqoxec]
   518 | D        | Killed a neqoxec
   518 | D        | Reached XP level 8. HP: 48/54 MP: 8/8
   527 | D        | Gained mutation: Your spells are a little easier to cast, but a little less powerful. [a neqoxec]
   532 | D        | Arena points: 134 (+84) [x4]
   532 | D        | Reached skill level 14 in Maces & Flails
   535 | D        | Bought 2 potions of mutation for 112 gold pieces
   535 | D        | Lost mutation: You are frail. (-10% HP) [potion of mutation]
   535 | D        | Lost mutation: You have a pair of small horns on your head. [potion of mutation]
   535 | D        | Gained mutation: Scrolls take you a little longer to read. [potion of mutation]
   535 | D        | Gained mutation: You passively map a small area around you. [potion of mutation]
   535 | D        | Lost mutation: You are clumsy. (Dex -2) [potion of mutation]
   535 | D        | Gained mutation: You are partially covered in slimy green scales. (AC +2) [potion of mutation]
   580 | D        | Round 4.
   604 | D        | Noticed Menkaure
   605 | D        | Noticed a guardian mummy
   615 | D        | Killed Menkaure
   615 | D        | Reached ***** piety under Makhleb
   615 | D        | Reached skill level 12 in Fighting
   630 | D        | Killed a guardian mummy
   630 | D        | HP: 30/60 [guardian mummy's death curse (7)]
   630 | D        | Reached skill level 13 in Fighting
   666 | D        | Arena points: 254 (+120) [x5]
   682 | D        | Round 5.
   715 | D        | Noticed Aizul
   736 | D        | HP: 45/94 [Aizul (4)]
   742 | D        | Noticed a mana viper
   742 | D        | HP: 18/94 [Aizul/poison arrow (7)]
   749 | D        | HP: 8/94 [Aizul (11)]
   750 | D        | HP: 2/94 [Aizul/poison arrow (6)]
   751 | D        | Mangled by a mana viper

Vanquished Creatures
  A guardian mummy (D)
  6 neqoxecs (D)
  Menkaure (D)
  3 necrophages (D)
  3 mummies (D)
  3 adders (D)
  An adder zombie (D)
  A bat zombie (D)
  2 ball pythons (D)
  A leopard gecko skeleton (D)
22 creatures vanquished.
